AoeStats
← Axiss134

MegaRandom

510650512Analyzed
2v2 RM · 1d ago on Oct 2, 2026· 27m 56s· 4 players
Game mode
Random Map
Map size
Medium (4 player)
Population
200
Speed
Normal
Resources
Standard
Victory
Conquest
Starting age
Dark Age
Ending age
Imperial Age
RankedLock teamsTeams togetherTeam positionsShared explorationLock speedFull tech treeHidden civsTurbo modeCheats
Victory
Defeat
🇨🇱 Portuguese · Chile
869
+12
🇨🇱 Mapuche · Chile
732
+17
🇫🇷 Ethiopians · France
782
-15
🇫🇷 Persians · France
762
-14
Axiss134
6:03 Loom
12:14 Feudal Age
19:11 Wheelbarrow
19:47 Gold Mining
20:44 Horse Collar
24:22 Castle Age
23:23 Forging
Predix
11:17 Feudal Age
9:35 Loom
11:24 Feudal Age
12:03 Man-at-Arms
14:54 Arson
15:20 Double-Bit Axe
17:23 Horse Collar
18:23 Fletching
22:59 Scale Mail Armor
26:01 Wheelbarrow
25:16 Town Watch
25:48 Scale Barding Armor
25:54 Forging
✟ L¥N V ✟
7:56 Loom
12:58 Feudal Age
16:40 Castle Age
15:50 Double-Bit Axe
20:10 Gold Mining
vicentejoaquin97
3:20 Loom
14:17 Feudal Age
21:52 Castle Age
20:07 Horse Collar
20:20 Double-Bit Axe
28:45 Imperial Age
Connection lost

Rejoining the realm…

Still unreachable

The connection could not be restored.

Session expired

The server has moved on; the page needs a fresh start.